 Dungeon Crawl Stone Soup version 0.31-a0-819-gf6de2f5ab6 (webtiles) character file.

Game seed: 14609174950967070791

100 DocEon the Conjurer (level 4, -5/24 HPs)
             Began as a Deep Elf Conjurer on Sept 23, 2023.
             Slain by a sleepcap (8 damage)
             ... on level 3 of the Dungeon.
             The game lasted 00:01:47 (2138 turns).

DocEon the Conjurer (Deep Elf Conjurer)             Turns: 2138, Time: 00:01:47

Health: -5/24      AC:  3    Str:  4    XL:     4   Next: 46%
Magic:  5/12       EV:  2    Int: 25    God:
Gold:   85         SH:  0    Dex: 13    Spells: 5/11 levels left

rFire   . . .        i - +0 dagger (elec)
rCold   . . .        (no shield)
rNeg    . . .        a - +1 robe
rPois   .            (no helmet)
rElec   .            (no cloak)
rCorr   .            (no gloves)
SInv    .            (no boots)
Will    .....        h - amulet of reflection
Stlth   ++           (no ring)
HPRegen 0.24/turn    (no ring)
MPRegen 0.13/turn

%: reflection
@: sleeping
A: no striking features
a: no special abilities


You were on level 3 of the Dungeon.
You visited 1 branch of the dungeon, and saw 3 of its levels.

You collected 85 gold pieces.

Inventory:

Hand Weapons
 i - a +0 dagger of electrocution (weapon)
Armour
 a - a +1 robe (worn)
Jewellery
 g - a ring of ice
 h - an amulet of reflection (around neck)
Scrolls
 c - a scroll of fear
 l - a scroll of enchant armour
 n - a scroll of identify {unknown}
 o - a scroll of amnesia {unknown}
Potions
 b - a potion of magic
 d - 2 potions of curing {unknown}
 e - a potion of resistance {unknown}
 f - a potion of degeneration {unknown}
 j - a potion of berserk rage {unknown}
 k - a potion of attraction {unknown}
 m - a potion of enlightenment {unknown}


   Skills:
 + Level 3.5 Dodging
 + Level 3.5 Stealth
 + Level 4.0 Spellcasting
 + Level 4.9 Conjurations
 + Level 1.3 Hexes


You had 5 spell levels left.
You knew the following spells:

 Your Spells              Type           Power      Damage    Failure   Level
a - Magic Dart            Conj           100%       1d8       1%          1
b - Searing Ray           Conj           58%        2d6       1%          2
c - Dazzling Flash        Conj/Hex       40%        N/A       8%          3

Your spell library contained the following spells:

 Spells                   Type           Power      Damage    Failure   Level
 Ensorcelled Hibernation  Hex/Ice        16%        N/A       11%         2
 Passwall                 Tmut/Erth      4%         N/A       14%         2
 Sigil of Binding         Hex            11%        N/A       16%         3
 Call Canine Familiar     Summ           5%         N/A       26%         3
 Swiftness                Air            5%         N/A       26%         3
 Fulminant Prism          Conj/Hex       10%        3d8       26%         4
 Iskenderun's Mystic Bla  Conj/Tloc      17%        2d5       32%         4
 Dimensional Bullseye     Hex/Tloc       4%         N/A       56%         4
 Leda's Liquefaction      Hex/Erth       4%         N/A       56%         4


Dungeon Overview and Level Annotations

Branches:
Dungeon (3/15)

Altars:


Message History

Casting: Magic Dart (safe; 1% risk of failure)
Confirm with . or Enter, or press ? or * to list all spells.
Aiming: Searing Ray (safe; 1% risk of failure)
Press: ? - help, Shift-Dir - straight line, f/p - sleepcap
Aim: a sleepcap (moderately damaged, 100% to hit)
The searing ray hits the sleepcap!
The sleepcap is severely damaged. (Press . to maintain the ray.)
The sleepcap releases spores at you.
You are engulfed in a cloud of soporific spores!
You fall asleep.
The sleepcap releases spores at you!
You wake up.
You are engulfed in a cloud of soporific spores!
You are unaffected.
Casting: Searing Ray (safe; 1% risk of failure)
Confirm with . or Enter, or press ? or * to list all spells.
Aiming: Searing Ray (safe; 1% risk of failure)
Press: ? - help, Shift-Dir - straight line, f/p - sleepcap
Aim: a sleepcap (severely damaged, 100% to hit)
Okay, then.
Casting: Searing Ray (safe; 1% risk of failure)
Confirm with . or Enter, or press ? or * to list all spells.
Aiming: Searing Ray (safe; 1% risk of failure)
Press: ? - help, Shift-Dir - straight line, f/p - sleepcap
Aim: a sleepcap (severely damaged, 100% to hit)
The searing ray hits the sleepcap.
The sleepcap is severely damaged. (Press . to maintain the ray.)
The sleepcap closely misses you.
The searing ray hits the sleepcap but does no damage.
The sleepcap is severely damaged.
The sleepcap barely misses you.
The searing ray hits the sleepcap.
The sleepcap is almost destroyed.
The sleepcap releases spores at you!
* * * LOW HITPOINT WARNING * * *
You are engulfed in a cloud of soporific spores!
You fall asleep.
The sleepcap releases spores at you!
You die...

... ..# #.# #.# #.# #.# #.# #.# #
#.# #.# #.####.# #.# ##### ...#.#
#.#
....#######.#.############.######
................@f....)..........
..#.#.....#.#.##.##.##.#####.....
........#.#.#.##.##.##.# ...).
#.#.#.#.<...#.##.##.##.# .....
..#.#.#.....#.##.##.##.# ..###
###.#.#.....#....##.##.# ..# .
..#....#.########.##.# ..#
##########.# #.##.# #.# ..#
#.##.#


You could see a sleepcap.

Vanquished Creatures
  5 adders (D:2)
  A worm (D:2)
  An orc (D:3)
  4 bats (D:1)
  6 endoplasms
  2 giant cockroaches
  5 goblins
  4 hobgoblins
  3 jackals (D:1)
  A quokka (D:2)
  6 ball pythons
  2 frilled lizards
  6 kobolds
  4 rats
50 creatures vanquished.

Notes
Turn   | Place    | Note
-------+----------+-------------------------------------------
     0 | D:1      | DocEon the Deep Elf Conjurer began the quest for the Orb.
     0 | D:1      | Reached XP level 1. HP: 10/10 MP: 6/6
   180 | D:1      | Reached XP level 2. HP: 15/15 MP: 5/8
   681 | D:1      | Reached XP level 3. HP: 19/19 MP: 8/10
   898 | D:1      | Learned a level 2 spell: Searing Ray
   902 | D:1      | Learned a level 3 spell: Dazzling Flash
  1611 | D:2      | Reached skill level 1 in Hexes
  1611 | D:2      | Reached XP level 4. HP: 24/24 MP: 6/11
  2138 | D:3      | Slain by a sleepcap

Illustrated notes

Levels and vault maps discovered:
D:1:      nicolae_arrival_memento_mori, layout_loops_ring
D:2:      layout_loops_ring
D:3:      layout_basic, yredelemnul_forgotten_temple_becter, minmay_between

Skill      XL: |  1  2  3  4 |
---------------+-------------+-----
Stealth        | 3 |  3.5
Dodging        | 3 |  3.5
Hexes          | 1 |  1.3
Spellcasting   | 4 |  4.0
Conjurations   | |  4.9

Action                     |  1- 3 |  4- 6 || total
---------------------------+-------+-------++-------
  Melee: Unarmed           |     3 |       ||     3
         Dagger            |     1 |       ||     1
   Cast: Magic Dart        |    78 |    16 ||    94
         Searing Ray       |     1 |     2 ||     3
    Use: Scroll            |     4 |       ||     4
 Armour: Robe              |     9 |     4 ||    13
  Dodge: Dodged            |    13 |     2 ||    15
  Block: Other             |     4 |     1 ||     5
         Reflection        |     1 |       ||     1

Table legend: (Time is in decaauts)
 A = Elapsed time spent in this place.
 B = Non-inter-level travel time spent in this place.
 C = Inter-level travel time spent in this place.
 D = Time resting spent in this place.
 E = Time spent auto-exploring this place.
 F = Levels seen in this place.
 G = Mean time per level.
                   A        B        C        D        E       F      G
               +--------+--------+--------+--------+--------+-----+--------+
         Total |   2136 |   2052 |     84 |    262 |   1553 |   3 |  712.0 |
       Dungeon |   2136 |   2052 |     84 |    262 |   1553 |   3 |  712.0 |
               +--------+--------+--------+--------+--------+-----+--------+

Top non-repeatable levels by time:
     D:1: 1126 daAuts
     D:2: 926 daAuts
     D:3: 83 daAuts
